PAAA
PLYMOUTH ROCKS @ SYRACUSE STARKS
08/02/2042
 
TOP OF THE 1ST
Plymouth Rocks batting - Pitching for Syracuse Starks : LHP José Flores
Pitching: LHP José Flores
Batting: RHB António Avery 0-0: Ball
1-0: Called Strike
1-1: Foul Ball, location: 2F
1-2: Ground out 4-3 (Groundball, 4M, EV 98.8 MPH)
Batting: RHB Curt Taylor 0-0: Ball
1-0: Ball
2-0: SINGLE (Line Drive, 5D, EV 108.8 MPH)
Batting: RHB Elias den Blick 0-0: Ball
1-0: Ball
2-0: Grounds into double play, 5-4-3 (Groundball, 5, EV 81.9 MPH)
Top of the 1st over - 0 runs, 1 hit, 0 errors, 0 left on base; Plymouth 0 - Syracuse 0
BOTTOM OF THE 1ST
Syracuse Starks batting - Pitching for Plymouth Rocks : RHP Colton Moonfall
Pitching: RHP Colton Moonfall
Batting: RHB Damon Newbold 0-0: Ball
1-0: Foul Ball, location: 2F
1-1: Foul Ball, location: 2F
1-2: SINGLE (Line Drive, 7S, EV 110.6 MPH)
Batting: RHB Akke Derksen 0-0: Swinging Strike
0-1: Ball
1-1: Grounds into double play, 4-6-3 (Groundball, 4, EV 86.2 MPH)
Batting: RHB Mike Branch 0-0: Swinging Strike
0-1: Swinging Strike
0-2: Ball
1-2: Ball
2-2: Strikes out swinging
Bottom of the 1st over - 0 runs, 1 hit, 0 errors, 0 left on base; Plymouth 0 - Syracuse 0
TOP OF THE 2ND
Plymouth Rocks batting - Pitching for Syracuse Starks : LHP José Flores
Batting: RHB Jaime Burgos 0-0: Swinging Strike
0-1: Called Strike
0-2: DOUBLE (Groundball, 5L, EV 95.6 MPH)
Batting: LHB Jesús Guillén 0-0: Ball
1-0: Ball
2-0: Ball
3-0: Called Strike
3-1: Foul Ball, location: 2F
3-2: Base on Balls
Batting: RHB Josip Primorac 0-0: Ball
1-0: Ball
2-0: Called Strike
2-1: Ball
3-1: Base on Balls
Jaime Burgos to third
Jesús Guillén to second
Batting: LHB Rafael Martínez 0-0: Called Strike
0-1: Ball
1-1: Ball
2-1: Called Strike
2-2: Foul Ball, location: 2F
2-2: Fly out, F8 (Line Drive, 8LD, EV 90.6 MPH)
Runner from 3rd tags up, SCORES, throw by CF
Batting: LHB You-liang Yang 0-0: Ball
1-0: Ball
2-0: Called Strike
2-1: Fielders Choice at 2nd, 4-6 (Groundball, 4M, EV 89.4 MPH)
Jesús Guillén to third
Batting: LHB Pedro Marrero 0-0: Foul Ball, location: 2F
0-1: Ball
Wild Pitch!
Jesús Guillén scores
You-liang Yang to second
1-1: Ball
2-1: Foul Ball, location: 2F
2-2: Strikes out swinging
Top of the 2nd over - 2 runs, 1 hit, 0 errors, 1 left on base; Plymouth 2 - Syracuse 0
BOTTOM OF THE 2ND
Syracuse Starks batting - Pitching for Plymouth Rocks : RHP Colton Moonfall
Batting: RHB Patrick Mildren 0-0: Fly out, F1 (Line Drive, P, EV 68.1 MPH)
Batting: RHB Atanza Vongor 0-0: Ball
1-0: Called Strike
1-1: Foul Ball, location: 2F
1-2: Ball
2-2: Strikes out looking
Batting: RHB Francisco Agámez 0-0: Ball
1-0: Fly out, F8 (Flyball, 8RS, EV 91.9 MPH)
Bottom of the 2nd over - 0 runs, 0 hits, 0 errors, 0 left on base; Plymouth 2 - Syracuse 0
TOP OF THE 3RD
Plymouth Rocks batting - Pitching for Syracuse Starks : LHP José Flores
Batting: RHB António Avery 0-0: Called Strike
0-1: Foul Ball, location: 2F
0-2: Foul Ball, location: 2F
0-2: Foul Ball, location: 2F
0-2: Ball
1-2: Foul Ball, location: 2F
1-2: Strikes out swinging
Batting: RHB Curt Taylor 0-0: Ball
1-0: Ball
2-0: Ball
3-0: Called Strike
3-1: SINGLE (Line Drive, 9S, EV 86.9 MPH)
Batting: RHB Elias den Blick 0-0: Foul Ball, location: 2F
0-1: Ball
1-1: Foul Ball, location: 2F
1-2: Strikes out swinging
Batting: RHB Jaime Burgos 0-0: Ball
1-0: Foul Ball, location: 2F
1-1: Swinging Strike
1-2: Ball
2-2: SINGLE (Groundball, 34, EV 86.9 MPH) (infield hit)
Curt Taylor to second
Batting: LHB Jesús Guillén 0-0: Ball
1-0: Called Strike
1-1: Ground out U3 (Groundball, 3, EV 88.1 MPH)
Top of the 3rd over - 0 runs, 2 hits, 0 errors, 2 left on base; Plymouth 2 - Syracuse 0
BOTTOM OF THE 3RD
Syracuse Starks batting - Pitching for Plymouth Rocks : RHP Colton Moonfall
Batting: RHB Jonathan Elmore 0-0: Swinging Strike
0-1: Ball
1-1: Ground out 5-3 (Groundball, 5S, EV 66.9 MPH)
Batting: RHB Jimmy Robinson 0-0: Ball
1-0: Foul Ball, location: 2F
1-1: Foul Ball, location: 2F
1-2: Ball
2-2: Strikes out swinging
Batting: RHB Adrian Chandler 0-0: Called Strike
0-1: Swinging Strike
0-2: Ball
1-2: Foul Ball, location: 2F
1-2: Strikes out swinging
Bottom of the 3rd over - 0 runs, 0 hits, 0 errors, 0 left on base; Plymouth 2 - Syracuse 0
TOP OF THE 4TH
Plymouth Rocks batting - Pitching for Syracuse Starks : LHP José Flores
Batting: RHB Josip Primorac 0-0: Ball
1-0: Called Strike
1-1: Ball
2-1: Ball
3-1: Base on Balls
Batting: LHB Rafael Martínez 0-0: Foul Ball, location: 2F
0-1: Ball
1-1: Ball
2-1: Foul Ball, location: 2F
2-2: Ball
3-2: Strikes out swinging
Batting: LHB You-liang Yang 0-0: Swinging Strike
0-1: Called Strike
0-2: Strikes out swinging
Batting: LHB Pedro Marrero 0-0: Foul Ball, location: 2F
0-1: SINGLE (Flyball, 89S, EV 96.9 MPH)
Josip Primorac to second
Runner from 2nd tries for 3rd, SAFE, no throw by RF
Batting: RHB António Avery 0-0: Ball
1-0: Foul Ball, location: 2F
1-1: Fly out, F9 (Line Drive, 9S, EV 97.5 MPH)
Top of the 4th over - 0 runs, 1 hit, 0 errors, 2 left on base; Plymouth 2 - Syracuse 0
BOTTOM OF THE 4TH
Syracuse Starks batting - Pitching for Plymouth Rocks : RHP Colton Moonfall
Batting: RHB Damon Newbold 0-0: Called Strike
0-1: Foul Ball, location: 2F
0-2: Ball
1-2: Ball
2-2: Ball
3-2: Foul Ball, location: 2F
3-2: Strikes out swinging
Batting: RHB Akke Derksen 0-0: Ball
1-0: Ball
2-0: Ball
3-0: Called Strike
3-1: Base on Balls
Batting: RHB Mike Branch 0-0: Called Strike
0-1: Called Strike
0-2: Ball
1-2: Strikes out looking
Batting: RHB Patrick Mildren 0-0: Called Strike
Akke Derksen is caught stealing 2nd base 2-4
Bottom of the 4th over - 0 runs, 0 hits, 0 errors, 0 left on base; Plymouth 2 - Syracuse 0
TOP OF THE 5TH
Plymouth Rocks batting - Pitching for Syracuse Starks : LHP José Flores
Batting: RHB Curt Taylor 0-0: Called Strike
0-1: Ball
1-1: Ball
2-1: Foul Ball, location: 2F
2-2: Ball
3-2: Fly out, F8 (Flyball, 8LM, EV 84.4 MPH)
Batting: RHB Elias den Blick 0-0: Ball
1-0: Called Strike
1-1: Fly out, F8 (Flyball, 8RXD, EV 91.2 MPH)
Batting: RHB Jaime Burgos 0-0: Ball
1-0: Ball
2-0: Foul Ball, location: 2F
2-1: Foul Ball, location: 2F
2-2: Foul Ball, location: 2F
2-2: Ball
3-2: Base on Balls
Batting: LHB Jesús Guillén 0-0: Called Strike
0-1: Foul Ball, location: 2F
0-2: Ball
1-2: Strikes out swinging
Top of the 5th over - 0 runs, 0 hits, 0 errors, 1 left on base; Plymouth 2 - Syracuse 0
BOTTOM OF THE 5TH
Syracuse Starks batting - Pitching for Plymouth Rocks : RHP Colton Moonfall
Batting: RHB Patrick Mildren 0-0: Ball
1-0: Foul Ball, location: 2F
1-1: Foul Ball, location: 2F
1-2: Strikes out swinging
Batting: RHB Atanza Vongor 0-0: Ball
1-0: Ground out 4-3 (Groundball, 4, EV 108.8 MPH)
Batting: RHB Francisco Agámez 0-0: Foul Ball, location: 2F
0-1: Called Strike
0-2: Strikes out swinging, 2-3 out at first.
Bottom of the 5th over - 0 runs, 0 hits, 0 errors, 0 left on base; Plymouth 2 - Syracuse 0
TOP OF THE 6TH
Plymouth Rocks batting - Pitching for Syracuse Starks : LHP José Flores
Pitching: RHP Jason Sanders
Batting: RHB Josip Primorac 0-0: Ground out 5-3 (Groundball, 56, EV 85.0 MPH)
Batting: LHB Rafael Martínez 0-0: Called Strike
0-1: Swinging Strike
0-2: Foul Ball, location: 2F
0-2: Ball
1-2: Ball
2-2: Fly out, F9 (Line Drive, 9D, EV 108.8 MPH)
Batting: LHB You-liang Yang 0-0: Ball
1-0: Foul Ball, location: 2F
1-1: Fly out, F9 (Flyball, 9S, EV 88.1 MPH)
Top of the 6th over - 0 runs, 0 hits, 0 errors, 0 left on base; Plymouth 2 - Syracuse 0
BOTTOM OF THE 6TH
Syracuse Starks batting - Pitching for Plymouth Rocks : RHP Colton Moonfall
Batting: RHB Jonathan Elmore 0-0: Called Strike
0-1: Ball
1-1: Foul Ball, location: 2F
1-2: SINGLE (Line Drive, 3L, EV 95.0 MPH)
Batting: RHB Jimmy Robinson 0-0: Sac Bunt to 25 - play at first, batter OUT! 5-3
Jonathan Elmore to second
Batting: RHB Adrian Chandler 0-0: Ball
1-0: Ground out 6-3 (Groundball, 6, EV 86.2 MPH)
Batting: RHB Damon Newbold 0-0: Fly out, F6 (Popup, 6M, EV 68.1 MPH)
Bottom of the 6th over - 0 runs, 1 hit, 0 errors, 1 left on base; Plymouth 2 - Syracuse 0
TOP OF THE 7TH
Plymouth Rocks batting - Pitching for Syracuse Starks : RHP Jason Sanders
Batting: LHB Pedro Marrero 0-0: Called Strike
0-1: Swinging Strike
0-2: Ball
1-2: Strikes out swinging
Batting: RHB António Avery 0-0: Ball
1-0: Swinging Strike
1-1: Ball
2-1: Ground out U3 (Groundball, 3L, EV 90.6 MPH)
Batting: RHB Curt Taylor 0-0: Called Strike
0-1: Ball
1-1: Called Strike
1-2: Single, Error in OF, E9, batter to second base (Line Drive, 89M, EV 100.0 MPH)
Batting: RHB Elias den Blick 0-0: Intentional Walk
Batting: RHB Jaime Burgos 0-0: Ball
1-0: Foul Ball, location: 2F
1-1: Ball
2-1: Ball
Wild Pitch!
Curt Taylor to third
Elias den Blick to second
3-1: Base on Balls
Batting: LHB Jesús Guillén 0-0: Called Strike
0-1: Swinging Strike
0-2: Strikes out swinging
Top of the 7th over - 0 runs, 1 hit, 1 error, 3 left on base; Plymouth 2 - Syracuse 0
BOTTOM OF THE 7TH
Syracuse Starks batting - Pitching for Plymouth Rocks : RHP Colton Moonfall
Batting: RHB Akke Derksen 0-0: Fly out, F4 (Popup, 34D, EV 54.4 MPH)
Batting: RHB Mike Branch 0-0: Called Strike
0-1: Ball
1-1: Swinging Strike
1-2: Strikes out swinging
Batting: RHB Patrick Mildren 0-0: Called Strike
0-1: Reached on error, E7 (Flyball, 7S, EV 92.5 MPH)
Batting: RHB Atanza Vongor 0-0: Called Strike
0-1: Ball
1-1: Fly out, F8 (Flyball, 8RD, EV 87.5 MPH)
Bottom of the 7th over - 0 runs, 0 hits, 1 error, 1 left on base; Plymouth 2 - Syracuse 0
TOP OF THE 8TH
Plymouth Rocks batting - Pitching for Syracuse Starks : RHP Jason Sanders
Batting: RHB Josip Primorac 0-0: SINGLE (Line Drive, 78S, EV 99.4 MPH)
Pitching: LHP Stan Lowe
Batting: LHB Rafael Martínez 0-0: Ball
1-0: Called Strike
1-1: Ball
2-1: Ball
3-1: Swinging Strike
3-2: Strikes out swinging
Pitching: RHP António Rodríguez
Batting: LHB You-liang Yang 0-0: Ball
1-0: Called Strike
1-1: Ball
2-1: Foul Ball, location: 2F
2-2: Strikes out swinging
Batting: LHB Pedro Marrero 0-0: Ball
1-0: Called Strike
1-1: Ball
2-1: Fly out, F9 (Flyball, 89D, EV 91.2 MPH)
Top of the 8th over - 0 runs, 1 hit, 0 errors, 1 left on base; Plymouth 2 - Syracuse 0
BOTTOM OF THE 8TH
Syracuse Starks batting - Pitching for Plymouth Rocks : RHP Colton Moonfall
Batting: RHB Francisco Agámez 0-0: Called Strike
0-1: Ball
1-1: Called Strike
1-2: Fly out, F8 (Flyball, 8LS, EV 82.5 MPH)
Batting: RHB Jonathan Elmore 0-0: Ball
1-0: Ball
2-0: Called Strike
2-1: Ground out 4-3 (Groundball, 4M, EV 88.1 MPH)
Batting: RHB Jimmy Robinson 0-0: SINGLE (Groundball, 5D, EV 96.2 MPH)
Batting: RHB Adrian Chandler 0-0: Called Strike
0-1: Foul Ball, location: 2F
0-2: Ball
1-2: Ball
2-2: Strikes out swinging
Bottom of the 8th over - 0 runs, 1 hit, 0 errors, 1 left on base; Plymouth 2 - Syracuse 0
TOP OF THE 9TH
Plymouth Rocks batting - Pitching for Syracuse Starks : RHP António Rodríguez
Batting: RHB António Avery 0-0: Called Strike
0-1: Ball
1-1: Ball
2-1: Called Strike
2-2: Strikes out swinging
Batting: RHB Curt Taylor 0-0: Ball
1-0: Ball
2-0: Ground out 6-3 (Groundball, 6, EV 93.1 MPH)
Batting: RHB Elias den Blick 0-0: Ball
1-0: Ball
2-0: Called Strike
2-1: SINGLE (Line Drive, 9S, EV 96.2 MPH)
Batting: RHB Jaime Burgos 0-0: Ball
1-0: Called Strike
1-1: SINGLE (Flyball, 89M, EV 93.1 MPH)
Elias den Blick to second
Runner from 2nd tries for 3rd, SAFE, no throw by RF
Batting: LHB Jesús Guillén 0-0: Fly out, F8 (Flyball, 78M, EV 86.9 MPH)
Top of the 9th over - 0 runs, 2 hits, 0 errors, 2 left on base; Plymouth 2 - Syracuse 0
BOTTOM OF THE 9TH
Syracuse Starks batting - Pitching for Plymouth Rocks : RHP Colton Moonfall
Now in LF: Michael Malloy
Batting: RHB Damon Newbold 0-0: Swinging Strike
0-1: Ball
1-1: Called Strike
1-2: Ball
2-2: Strikes out looking
Pitching: LHP Josh Brennan
Batting: RHB Akke Derksen 0-0: Called Strike
0-1: Ball
1-1: Called Strike
1-2: Strikes out swinging
Batting: RHB Mike Branch 0-0: Ball
1-0: Called Strike
1-1: Ball
2-1: Foul Ball, location: 2F
2-2: Foul Ball, location: 2F
2-2: Foul Ball, location: 2F
2-2: Strikes out looking
Bottom of the 9th over - 0 runs, 0 hits, 0 errors, 0 left on base; Plymouth 2 - Syracuse 0
Friday, March 26th, 2021 - OOTP Baseball 20.8 Build 74